Match 42037205
Unlisted

Match 42037205
End
Vickers Machine Gun Team
Construct Section Command Post
Selects Indian Artillery Battlegroup
Infantry Section
Infantry Section
Infantry Section
Selects War Cry
Construct Platoon Command Post
Selects Gurkha Rifles Section
Gurkha Rifles Section
STALKER4732
SoyaLors
kit.ohume
SHIRO
Blacky
Taras Derden
0
0

Comments sign in to comment!

No comments posted yet!